 Dungeon Crawl Stone Soup version 0.26-a0-651-gb41185065b (webtiles) character file.

Game seed: 14147946038154637221

54 lunkers the Chiller (level 3, 0/24 HPs)
             Began as a Demonspawn Ice Elementalist on Sept 29, 2020.
             Slain by a bullfrog zombie (6 damage)
             ... on level 3 of the Dungeon.
             The game lasted 00:02:22 (2993 turns).

lunkers the Chiller (Demonspawn Ice Elementalist)   Turns: 2993, Time: 00:02:23

Health: 0/24       AC:  3    Str:  8    XL:     3   Next: 66%
Magic:  3/7        EV: 11    Int: 17    God:
Gold:   105        SH:  3    Dex: 13    Spells: 0/7 levels left

rFire    . . .     SeeInvis .   f - +0 dagger (freeze)
rCold    . . .     Faith    .   m - +0 buckler
rNeg     . . .     Spirit   .   a - +0 robe
rPois    .         Reflect  .   (helmet restricted)
rElec    .         Harm     .   n - +0 cloak
rCorr    .         Rampage  .   (no gloves)
MR       .....                  (no boots)
Stlth    ++........             h - amulet of magic regeneration
HPRegen  0.08/turn              (no ring)
MPRegen  0.35/turn              (no ring)

@: very slightly contaminated
A: horns 1, rot immunity
a: no special abilities


You were on level 3 of the Dungeon.
You visited 1 branch of the dungeon, and saw 3 of its levels.

You collected 105 gold pieces.

Inventory:

Hand Weapons
 f - a +0 dagger of freezing (weapon)
Armour
 a - a +0 robe (worn)
 m - a +0 buckler (worn)
 n - a +0 cloak (worn)
Jewellery
 h - an amulet of magic regeneration (around neck)
 l - an uncursed amulet of guardian spirit {unknown}
Scrolls
 b - 2 scrolls of fear {unknown}
 d - 2 scrolls of identify {unknown}
 e - 2 scrolls of enchant armour {unknown}
 g - a scroll of magic mapping {unknown}
 j - a scroll of remove curse {unknown}
 k - a scroll of enchant weapon {unknown}
Potions
 c - 3 potions of flight {unknown}
 i - a potion of heal wounds {unknown}


   Skills:
 - Level 1.7 Dodging
 - Level 1.7 Stealth
 + Level 2.6 Spellcasting
 * Level 4.5 Ice Magic


You couldn't memorise any spells.
You knew the following spells:

 Your Spells              Type           Power        Failure   Level
a - Freeze                Ice            ###.         4%          1
b - Frozen Ramparts       Ice            ###...       14%         3
c - Ozocubu's Armour      Ice            ###.....     14%         3

Your spell library contained the following spells:

 Spells                   Type           Power        Failure   Level
 Hailstorm                Conj/Ice       ##......     75%         4
 Summon Ice Beast         Ice/Summ       ##......     75%         4


Dungeon Overview and Level Annotations

Branches:
Dungeon (3/15)

Altars:
Nemelex Xobeh
Ru
Uskayaw


Innate Abilities, Weirdness & Mutations

You have a pair of small horns on your head.
You are immune to rotting.


Message History

Confirm with . or Enter, or press ? or * to list all spells.
The spell is quite dangerous to cast (14% risk of failure)!
Continue anyway?
You miscast Frozen Ramparts.
Nothing appears to happen.
* * * LOW MAGIC WARNING * * *
The bullfrog zombie hits you but does no damage.
Unknown command.
You barely miss the bullfrog zombie.
The bullfrog zombie is lightly damaged.
The bullfrog zombie hits you.
* * * LOW HITPOINT WARNING * * *
You aren't carrying any items that you can evoke.
Unknown command.
You barely miss the bullfrog zombie.
The bullfrog zombie is lightly damaged.
The bullfrog zombie closely misses you. The bullfrog zombie hits you.
* * * LOW HITPOINT WARNING * * *
The bullfrog zombie hits you but does no damage.
The bullfrog zombie barely misses you. The bullfrog zombie hits you.
You die...

... #.# #.# . #.# ..#
#.# #...#### #.#
#....#####.#
####.....Z.#
###....#####@# ##...####
#..# #..### #.## #.##
#.# #.†# #.# #.##
##.##### #.
#......############ ..
#######.†##............#
#.#
#....##..##............#


You could see a bullfrog zombie.

Vanquished Creatures
  A worm (D:2)
  A dart slug (D:2)
  A leopard gecko (D:3)
  5 bats
  3 giant cockroaches (D:2)
  5 goblins
  4 hobgoblins
  3 jackals (D:1)
  A ball python (D:1)
  3 frilled lizards (D:2)
  10 kobolds
  7 rats
44 creatures vanquished.

Notes
Turn   | Place    | Note
-------+----------+-------------------------------------------
     0 | D:1      | lunkers the Demonspawn Ice Elementalist began the quest for
                  | the Orb.
     0 | D:1      | Reached XP level 1. HP: 13/13 MP: 3/3
   307 | D:1      | Gained mutation: You have a pair of small horns on your
                  | head. [demonic ancestry]
   307 | D:1      | Reached XP level 2. HP: 19/19 MP: 3/5
   370 | D:1      | Reached skill level 4 in Ice Magic
  1190 | D:2      | Found a hide-covered altar of Uskayaw.
  1484 | D:2      | Gained mutation: You are immune to rotting. [demonic
                  | ancestry]
  1484 | D:2      | Reached XP level 3. HP: 21/24 MP: 3/6
  1837 | D:2      | Found a sparkling altar of Nemelex Xobeh.
  1837 | D:2      | Found a sacrificial altar of Ru.
  2093 | D:2      | Learned a level 3 spell: Frozen Ramparts
  2097 | D:2      | Learned a level 3 spell: Ozocubu's Armour
  2993 | D:3      | Slain by a bullfrog zombie

Illustrated notes

Levels and vault maps discovered:
D:1:      minmay_arrival_stone_box, layout_basic, roderic_serpentine_path
D:2:      layout_basic, lemuel_crystal_altar, minitemple
D:3:      minmay_general_purpose_star, layout_basic,
          chequers_ecumenical_altar_simple, serial_bayou_pond_b

Skill      XL: |  1  2 |
---------------+-------+-----
Ice Magic      | 4 |  4.5
Dodging        | |  1.7
Stealth        | |  1.7
Spellcasting   | |  2.6

Action                   || total
-------------------------++-------
Melee: Unarmed           ||     1
       Dagger            ||     7
       Headbutt          ||     1
 Cast: Freeze            ||    70
Armor: Robe              ||     8
Dodge: Dodged            ||    42

Table legend: (Time is in decaauts)
 A = Elapsed time spent in this place.
 B = Non-inter-level travel time spent in this place.
 C = Inter-level travel time spent in this place.
 D = Time resting spent in this place.
 E = Time spent auto-exploring this place.
 F = Levels seen in this place.
 G = Mean time per level.
                   A        B        C        D        E       F      G
               +--------+--------+--------+--------+--------+-----+--------+
         Total |   2992 |   2954 |     38 |      0 |   2583 |   3 |  997.3 |
       Dungeon |   2992 |   2954 |     38 |      0 |   2583 |   3 |  997.3 |
               +--------+--------+--------+--------+--------+-----+--------+

Top non-repeatable levels by time:
     D:2: 1644 daAuts
     D:1: 1189 daAuts
     D:3: 158 daAuts
